 Dungeon Crawl Stone Soup version 0.16-a0-3389-g45633df (webtiles) character file.

76 4tharraofdagon the Skirmisher (level 4, -2/42 HPs)
             Began as a Naga Wanderer on Dec 30, 2014.
             Killed from afar by an orc (20 damage)
             ... with a wand of fire
             ... on level 3 of the Dungeon.
             The game lasted 00:07:52 (1293 turns).

4tharraofdagon the Skirmisher (Naga Wanderer)       Turns: 1293, Time: 00:07:53

Health: -2/42      AC:  6    Str: 15    XL:     4   Next: 32%
Magic:  7/7        EV:  4    Int: 13    God:
Gold:   146        SH:  0    Dex: 10    Spells: 0 memorised, 7 levels left

rFire  . . .     SeeInvis +     j - +0 great sword
rCold  . . .     Clarity  .     p - +0 chain mail
rNeg   . . .     SustAb   .     (no shield)
rPois  +         Gourm    .     (no helmet)
rElec  +         Spirit   .     k - +0 cloak
rCorr  .         Warding  .     (no gloves)
rMut   .         Stasis   .     (no barding)
MR     +....                    (no amulet)
Stlth  ..........               (no ring)
                                (no ring)

@: very slow, somewhat resistant to hostile enchantments, extremely unstealthy
A: spit poison, see invisible, deformed body, magic resistance 1, mutation
resistance 1, poison resistance, electricity resistance, slowness 2, AC +1
a: Spit Poison


You were on level 3 of the Dungeon.
You were hungry.

You visited 1 branch of the dungeon, and saw 4 of its levels.

You collected 146 gold pieces.

Inventory:

Hand weapons
 b - a +2 blowgun
 c - a +0 falchion
 j - a +0 great sword (weapon)
Missiles
 a - 3 curare-tipped needles
 r - 7 javelins (quivered)
Armour
 e - a +0 robe
 k - a +0 cloak (worn)
 m - a +0 ring mail
 p - a +0 chain mail (worn)
Scrolls
 g - a scroll of remove curse
 h - a scroll of magic mapping {unknown}
 i - a scroll of recharging {unknown}
 l - 2 scrolls of identify
 s - a scroll of enchant weapon {unknown}
 t - a scroll of fear {unknown}
Potions
 o - a potion of curing
 v - a potion of might
Books
 d - the Disquisition on Companions

   Spells                             Type                      Level
   a - Summon Butterflies             Summoning                    1
   b - Summon Small Mammal            Summoning                    1
Comestibles
 f - a bread ration
 n - 2 beef jerkies
 u - a meat ration


   Skills:
 + Level 3.1 Fighting
 * Level 2.8 Long Blades
 - Level 1.0 Throwing
 - Level 1.0 Dodging
 - Level 1.5 Stealth
 - Level 2.0 Spellcasting
   Level 1.0 Summonings
   Level 2.0 Earth Magic


You had 7 spell levels left.
You didn't know any spells.

Dungeon Overview and Level Annotations

Branches:
Dungeon (4/15)
 Temple: D:4-7

Altars:


Innate Abilities, Weirdness & Mutations

You cannot wear boots.
You can spit poison.
Your serpentine skin is tough (AC +1).
You have supernaturally acute eyesight.
Armour fits poorly on your strangely shaped body.
Your system is resistant to poisons.
You cover ground very slowly.
You are resistant to hostile enchantments.
You are somewhat resistant to further mutation.
You are resistant to electric shocks.


Message History

A jackal comes into view.
The jackal barks!
The jackal bites you but does no damage.
The jackal bites you but does no damage.
You barely miss the jackal.
The jackal bites you but does no damage. x2
Your chain mail prevents you from hitting the jackal.
The jackal bites you but does no damage.
The jackal barely misses you.
The jackal bites you but does no damage.
You slash the jackal!
You kill the jackal!
No target in view!
No target in view!
An orc comes into view.
The orc shouts!
The orc zaps a wand.
The bolt of fire hits you!
It is a wand of fire.
The orc zaps a wand.
The bolt of fire hits you!
The orc zaps a wand.
The bolt of fire hits you!
You die...

####### ........###
....o.....# .....##.#@# #
#.#.# #.#.# #.#.# o# #.#.#
.# ..#.# ####..# . ..#.#
......# #.##..#.#
#####.#.##.#...#.#########


You could see an orc.

Vanquished Creatures
  3 adders (D:3)
  2 giant geckos
  An ooze (D:2)
  4 orcs (D:3)
  4 giant cockroaches
  7 hobgoblins
  2 quokkas (D:3)
  A ball python (D:2)
  6 bats
  6 goblins
  A jackal (D:3)
  4 kobolds
  6 rats
47 creatures vanquished.

Notes
Turn   | Place    | Note
--------------------------------------------------------------
     0 | D:1      | 4tharraofdagon, the Naga Wanderer, began the quest for the Orb.
     0 | D:1      | 4tharraofdagon set off with: 3 curare-tipped needles, a +2 blowgun, a +0 falchion, the Disquisition on Companions, a +0 robe, a bread ration
     0 | D:1      | Reached XP level 1. HP: 19/19 MP: 3/3
     0 | D:1      | Identified the Disquisition on Companions
   209 | D:1      | Reached XP level 2. HP: 18/27 MP: 4/4
   248 | D:1      | Gained mutation: You are resistant to electric shocks. [potion of mutation]
   248 | D:1      | Gained mutation: You are partially covered in molten scales (AC +1). [potion of mutation]
   329 | D:1      | Reached skill level 1 in Long Blades
   335 | D:1      | Gained mutation: You are resistant to hostile enchantments. [potion of mutation]
   335 | D:1      | Gained mutation: You are somewhat resistant to further mutation. [potion of mutation]
   335 | D:1      | Lost mutation: You are partially covered in molten scales (AC +1). [potion of mutation]
   723 | D:2      | Reached XP level 3. HP: 33/33 MP: 6/6
   951 | D:3      | Reached skill level 3 in Fighting
  1032 | D:3      | Reached XP level 4. HP: 29/42 MP: 7/7
  1293 | D:3      | Killed from afar by an orc

Action                   |  1- 3 |  4- 6 || total
-------------------------+-------+-------++-------
Melee: Great sword       |    95 |    23 ||   118
       Falchion          |     4 |       ||     4
 Abil: Spit Poison       |    23 |    11 ||    34
  Use: Potion            |     4 |       ||     4
       Scroll            |     2 |       ||     2
 Stab: Invisible         |     1 |       ||     1
  Eat: Chunk             |     2 |     1 ||     3

Vault maps used:
D:1:      dpeg_arrival_rooms_c
D:4:      corner_web_ring, small_statue_intersection, uniq_eustachio
